 Dungeon Crawl Stone Soup version 0.28.0 (webtiles) character file.

Game seed: 5175332483032802451

77 enile the Skirmisher (level 4, -4/37 HPs)
             Began as a Demonspawn Gladiator on Feb 16, 2022.
             Was a Follower of Qazlal.
             Killed by divine providence
             ... invoked by an orc priest
              (14 damage)
             ... on level 3 of the Dungeon.
             The game lasted 00:03:14 (2781 turns).

enile the Skirmisher (Demonspawn Gladiator)         Turns: 2781, Time: 00:03:15

Health: -4/37      AC:  4    Str: 17    XL:     4   Next: 14%
Magic:  5/5        EV: 12    Int:  9    God:    Qazlal [*.....]
Gold:   77         SH:  6    Dex: 14    Spells: 3/3 levels left

rFire   . . .      SeeInvis .   a - +0 quarterstaff
rCold   . . .      Faith    .   (shield currently unavailable)
rNeg    . . .      Spirit   .   b - +0 leather armour
rPois   .          Reflect  .   c - +0 helmet
rElec   .          Harm     .   (no cloak)
rCorr   .          Rampage  .   (no gloves)
Will    .....                   (no boots)
Stlth   +.........              (no amulet)
HPRegen 0.12/turn               (no ring)
MPRegen 0.09/turn               (no ring)

@: no status effects
A: large bone plates 1, demonic touch 1
a: Renounce Religion


You were on level 3 of the Dungeon.
You worshipped Qazlal.
Qazlal was aware of your devotion.
You visited 1 branch of the dungeon, and saw 3 of its levels.

You collected 116 gold pieces.
You spent 39 gold pieces at shops.

Inventory:

Hand Weapons
 a - a +0 quarterstaff (weapon)
 m - a +0 war axe
Armour
 b - a +0 leather armour (worn)
 c - a +0 helmet (worn)
Scrolls
 e - 2 scrolls of teleportation {unknown}
 f - a scroll of fear {unknown}
 i - 2 scrolls of identify {unknown}
 l - a scroll of enchant armour {unknown}
 n - a scroll of enchant weapon {unknown}
Potions
 g - a potion of curing
 h - a potion of ambrosia {unknown}
 j - a potion of haste {unknown}
 k - 2 potions of lignification {unknown}
 o - a potion of attraction {unknown}


   Skills:
 - Level 4.0 Fighting
 - Level 2.7 Staves
 - Level 1.8 Throwing
 - Level 3.0 Dodging
 + Level 1.5 Invocations


You had 3 spell levels left.
You didn't know any spells.
Your spell library contained the following spells:

 Spells                   Type           Power      Damage    Failure   Level
 Dazzling Flash           Conj/Hex       0%         N/A       83%         3
 Ozocubu's Armour         Ice            0%         N/A       83%         3
 Iskenderun's Mystic Bla  Conj/Tloc      0%         2d3       99%         4
 Starburst                Conj/Fire      0%         6d3       100%        6
 Ozocubu's Refrigeration  Ice            0%         4d5       100%        7


Dungeon Overview and Level Annotations

Branches:
Dungeon (3/15)

Altars:
Ashenzari
Qazlal

Shops:
D:1 !

Annotations:
D:3 2 transporters, enile's ghost, novice FoEE


Innate Abilities, Weirdness & Mutations

You are partially covered in large bone plates. (SH +4)
Your touch may inflict minor irresistible damage on your foes.


Message History

You sock the goblin!
You kill the goblin!
Qazlal accepts your kill.
The orc priest looks braver for a moment.
An orc comes into view. It is wielding a +0 mace.
The orc hits you with a +0 flail!
You hit the orc.
The orc is severely wounded.
The orc barely misses you.
You hit the orc but do no damage.
The orc is heavily wounded.
The orc hits you with a +0 flail.
Throw: 2 throwing nets
Press: ? - help, Q - select action Shift-Dir - straight line, f - orc priest
Aim: an orc priest, wielding a +0 club and wearing a +0 ring mail (64% to hit)
You throw a throwing net.
The throwing net barely misses the orc priest.
The orc priest closely misses you. You block the orc's attack.
Throw: throwing net
Press: ? - help, Q - select action Shift-Dir - straight line, f/p - orc priest
Aim: an orc priest, wielding a +0 club and wearing a +0 ring mail (64% to hit)
You throw a throwing net. The throwing net hits the orc priest.
The orc priest is caught in the net!
The orc priest mumbles some strange prayers to Beogh against you.
Beogh smites you!
* * * LOW HITPOINT WARNING * * *
The orc priest struggles against the net.
You hear a shout!
You hit the orc priest.
The orc priest is moderately wounded.
You hit the orc priest.
The orc priest is severely wounded.
The orc hits you but does no damage.
The orc priest struggles against the net.
You hit the orc priest.
The orc priest is almost dead.
You block the orc's attack.
The orc priest mumbles some strange prayers to Beogh against you.
Beogh smites you!
You die...

..................
..
##########........
.. #........ ..
#........ ..
###........ ..
#.#........ ##
#..........
#.!.#........
#...#@#######
...#.oo# ..#.#(#o#
# # ###.# ..# ..#
..# # ...# # #


You could see an orc priest (caught) and 2 orcs.

Vanquished Creatures
  4 adders
  A dart slug (D:2)
  3 orcs (D:3)
  2 endoplasms
  6 goblins
  5 hobgoblins (D:1)
  7 ball pythons
  A bat (D:1)
  6 kobolds
  2 rats (D:3)
37 creatures vanquished.

Notes
Turn   | Place    | Note
-------+----------+-------------------------------------------
     0 | D:1      | enile the Demonspawn Gladiator began the quest for the Orb.
     0 | D:1      | Reached XP level 1. HP: 16/16 MP: 1/1
   207 | D:1      | Gained mutation: You are partially covered in large bone
                  | plates. (SH +4) [demonic ancestry]
   207 | D:1      | Reached XP level 2. HP: 20/23 MP: 2/2
   471 | D:1      | Found Kompy's Distillery.
   481 | D:1      | Reached skill level 3 in Fighting
   543 | D:1      | Bought a potion of curing for 39 gold pieces
  1139 | D:2      | Found a faded altar of an unknown god.
  1144 | D:2      | Prayed at the altar of an unknown god.
  1144 | D:2      | Became a worshipper of Qazlal Stormbringer
  1144 | D:2      | Reached * piety under Qazlal
  1546 | D:2      | Reached XP level 3. HP: 29/29 MP: 3/3
  2326 | D:3      | Found a broken altar of Ashenzari.
  2359 | D:3      | Noticed an ogre
  2360 | D:3      | Noticed enile's ghost (novice FoEE)
  2362 | D:3      | Found a transporter.
  2362 | D:3      | Noticed an ogre
  2368 | D:3      | Found a transporter.
  2669 | D:3      | Reached skill level 4 in Fighting
  2743 | D:3      | Reached skill level 1 in Invocations
  2743 | D:3      | Gained mutation: Your touch may inflict minor irresistible
                  | damage on your foes. [demonic ancestry]
  2743 | D:3      | Reached XP level 4. HP: 36/37 MP: 3/5
  2781 | D:3      | Killed from afar by an orc priest

Illustrated notes

Levels and vault maps discovered:
D:1:      sevenhm_arrival_forest_fort_small_3, layout_basic, serial_shops, shop
D:2:      layout_loops_ring, shapermc_ecumenical_altar_venn
D:3:      layout_basic, lemuel_tele_altar, gammafunk_ghost_smash,
          dk_noncrumbling_3, minmay_misc_feat_alley, minmay_misc_feat_square

Skill      XL: |  1  2  3 |
---------------+----------+-----
Fighting       | 3 4 |  4.0
Dodging        | 3 |  3.0
Invocations    | 1 |  1.5
Staves         | |  2.7
Throwing       | |  1.8

Action                   |  1- 3 |  4- 6 || total
-------------------------+-------+-------++-------
Melee: Quarterstaff      |   132 |     7 ||   139
Throw: Throwing net      |     6 |     2 ||     8
Armor: Leather armour    |    39 |     2 ||    41
Dodge: Dodged            |    71 |     2 ||    73
Block: Other             |    27 |     3 ||    30
